Rangers vs Penguins

Created - March 25, 2016 at 18:31

Goals
1 2 3 T
Rangers 1 0 0 1
Penguins 1 3 0 4
Shots
1 2 3 T
Rangers 9 4 13 26
Penguins 8 17 6 31

1st period

1. Rangers , Zemgus Girgensons 25 (Jaromir Jagr, Alex Goligoski) at 9:35
2. Penguins , James van Riemsdyk 15 (Ryan Getzlaf, Mark Giordano) at 10:35

Penalties :
Alex Goligoski (NYR) for Elbowing (Minor) at 7:07, Mark Giordano (PIT) for Hooking (Minor) at 12:03, Eric Brewer (NYR) for Boarding (Minor) at 18:55

2nd period

3. Penguins , Jakub Voracek 24 (Mike Cammalleri, Ryan Nugent-Hopkins) at 3:11
4. Penguins , Jacob Trouba 3 (Jakub Voracek, Mike Cammalleri) at 5:06
5. Penguins , Ryan Getzlaf 29 (Jacob Trouba, James van Riemsdyk) at 16:44 (PP)

Penalties :
Dmitry Kulikov (PIT) for High sticking (Minor) at 5:46, Benoit Pouliot (NYR) for Roughing (Minor) at 5:57, Sean Couturier (NYR) for Holding (Minor) at 15:50, Mark Giordano (PIT) for Slashing (Minor) at 17:17

3rd period

No Goal

Penalties :
Chris Tanev (NYR) for Interference (Minor) at 0:38, Karl Alzner (NYR) for Hooking (Minor) at 3:02, James van Riemsdyk (PIT) for Roughing (Minor) at 5:59, Brenden Dillon (PIT) for Slashing (Double Minor) at 15:59

Goalie Stats

Scott Darling (NYR), 27 saves from 31 shots - (0.871), L, 4-7-1, 60:00 minutes
Marc-Andre Fleury (PIT), 25 saves from 26 shots - (0.962), W, 31-27-5, 60:00 minutes

Players Stats for Rangers

Player Name              G  A  P  +/- PIM S  H  SB GA TA FO     MP     PP MP  PK MP  
------------------------------------------------------------------------------------
Alex Goligoski           0  1  1  -1  2   1  1  1  0  0  0/0    26:04   5:28   4:16 
Anton Volchenkov         0  0  0   0  0   0  3  1  0  0  0/0    13:11   0:00   1:24 
Benoit Pouliot           0  0  0   0  2   1  1  0  0  0  0/0    13:02   5:16   0:26 
Brad Richards            0  0  0  -1  0   2  0  0  0  0  5/11    6:49   0:00   1:24 
Chris Tanev              0  0  0  -2  2   0  1  1  0  0  0/0    23:38   5:28   4:02 
Craig Smith              0  0  0   0  0   2  1  0  0  0  3/9    13:25   5:17   0:00 
Eric Brewer              0  0  0   1  2   2  0  1  0  0  0/0    17:58   4:39   0:18 
Jaromir Jagr             0  1  1   0  0   1  0  0  0  0  0/2    19:43   4:50   0:00 
Karl Alzner              0  0  0  -1  2   1  3  1  0  0  0/0    17:28   0:00   3:00 
Kris Russell             0  0  0  -1  0   1  0  3  0  0  0/0    21:33   4:39   4:58 
Lance Bouma              0  0  0  -1  0   1  1  0  0  0  0/2     8:45   0:00   2:20 
Matt Calvert             0  0  0   0  0   0  0  0  0  0  0/0     7:20   0:00   0:00 
Mikael Backlund          0  0  0  -1  0   4  0  0  0  0  0/0    17:41   0:00   6:15 
Sean Couturier           0  0  0  -1  2   0  3  1  0  0  10/22  22:36   4:50   5:21 
Steve Downie             0  0  0  -1  0   2  1  0  0  0  0/0     5:25   0:00   0:00 
Tomas Tatar              0  0  0   0  0   3  2  0  0  0  2/11   22:30   5:17   2:20 
Tyler Ennis              0  0  0  -1  0   4  4  0  0  0  3/4    17:04   4:50   0:00 
Zemgus Girgensons        1  0  1   0  0   1  5  0  0  0  9/19   14:53   0:00   0:00 

Players Stats for Penguins

Player Name              G  A  P  +/- PIM S  H  SB GA TA FO     MP     PP MP  PK MP  
------------------------------------------------------------------------------------
Brandon Saad             0  0  0   0  0   1  0  0  0  0  0/1     4:26   1:09   0:47 
Brenden Dillon           0  0  0  -1  4   0  2  0  0  0  0/0    12:42   0:00   2:27 
Christopher Higgins      0  0  0  -1  0   0  0  0  0  0  1/1    20:22   2:07   4:24 
Dmitry Kulikov           0  0  0   2  2   2  1  1  0  0  0/0    22:21   3:57   5:14 
Jacob De La Rose         0  0  0  -1  0   1  0  0  0  0  0/0     6:10   0:00   0:04 
Jacob Trouba             1  1  2   2  0   2  0  0  0  0  0/0    22:05   3:57   4:51 
Jakub Voracek            1  1  2   2  0   3  1  0  0  0  0/2    22:54   4:51   4:27 
James van Riemsdyk       1  1  2   1  2   5  1  0  0  0  1/1    18:49   4:40   0:00 
Luke Glendening          0  0  0   0  0   2  3  0  0  0  13/22  15:14   0:00   5:18 
Mark Arcobello           0  0  0  -1  0   0  1  0  0  0  4/5     5:38   0:00   0:20 
Mark Giordano            0  1  1   1  4   2  1  1  0  0  0/0    25:45   5:04   3:18 
Matt Hunwick             0  0  0   0  0   0  0  0  0  0  0/0     0:04   0:00   0:04 
Mike Cammalleri          0  2  2   2  0   2  0  0  0  0  4/5    23:25   5:15   4:54 
Ryan Getzlaf             1  1  2   1  0   5  4  0  0  0  13/21  21:24   4:51   0:00 
Ryan Nugent-Hopkins      0  1  1   2  0   4  0  1  0  0  12/21  17:14   4:10   0:00 
Ryan Suter               0  0  0   1  0   0  1  4  0  0  0/0    26:45   5:04   4:16 
Seth Jones               0  0  0  -1  0   0  0  1  0  0  0/0    10:14   0:00   0:04 
Tanner Pearson           0  0  0   1  0   2  0  0  0  0  0/1    12:28   0:00   0:00 

3 Stars

1 - Ryan Getzlaf (PIT)
2 - Jakub Voracek (PIT)
3 - Jacob Trouba (PIT)

Power Play

Rangers - 0 on 6 Attempt(s) - 0.00%
Penguins - 1 on 6 Attempt(s) - 16.67%

Penalty Kill

Rangers - 5 on 6 Attempt(s) - 83.33% - Score 0 goal in Penalty Kill
Penguins - 6 on 6 Attempt(s) - 100.00% - Score 0 goal in Penalty Kill

Team Stat

Rangers - Hits : 26 - Faceoff Wins : 32 - Blocked Shots : 9 - Penalty Minutes : 12
Penguins - Hits : 15 - Faceoff Wins : 48 - Blocked Shots : 8 - Penalty Minutes : 12

Official

Referees : Tom Kowal and Darcy Burchell
Linesman : Thor Nelson and Shandor Alphonso

Game Notes

Brandon Saad is injured at 17:34 of 1st period (Left Knee)

Finance

Level 1 -- Attendance: 6500 (100.00%) -- Ticket Income $715,000
Level 2 -- Attendance: 4808 (96.16%) -- Ticket Income $384,640
Level 3 -- Attendance: 2926 (83.60%) -- Ticket Income $175,560
Level 4 -- Attendance: 1992 (83.45%) -- Ticket Income $99,600
Luxury Box -- Attendance: 938 (93.80%) -- Ticket Income $187,600
Game was played at the Consol Energy Center.
Total Attendance: 17164 (93.35%)
Total Ticket Income: $1,562,400
Other Income: $234,360
Total Income: $1,796,760

% Time on Ice - Rangers

Lines # - Real PCT - Wanted PCT - Time Play
Normal Forward
1 - 38% - 40% - 14:53
2 - 29% - 30% - 11:26
3 - 19% - 20% - 7:20
4 - 14% - 10% - 5:25
Normal Defense
1 - 34% - 40% - 13:21
2 - 31% - 30% - 11:56
3 - 30% - 20% - 11:47
4 - 5% - 10% - 2:00
PP Forward
1 - 48% - 60% - 4:50
2 - 52% - 40% - 5:17
PP Defense
1 - 54% - 60% - 5:28
2 - 46% - 40% - 4:39
PK Forward
1 - 74% - 60% - 6:41
2 - 26% - 40% - 2:20
PK Defense
1 - 55% - 60% - 4:56
2 - 45% - 40% - 4:05
PK3 Forward
1 - 0% - 60%
2 - 0% - 40%
PK3 Defense
1 - 0% - 60%
2 - 0% - 40%
44 Forward
1 - 56% - 60% - 1:00
2 - 44% - 40% - 0:48
44 Defense
1 - 56% - 60% - 1:00
2 - 44% - 40% - 0:48
Last Minute Offensive  - 0:00
Last Minute Defensive  - 0:00
Total
Forward - 60:00
Defense - 60:00

% Time on Ice - Penguins

Lines # - Real PCT - Wanted PCT - Time Play
Normal Forward
1 - 29% - 32% - 11:22
2 - 32% - 30% - 12:28
3 - 25% - 26% - 9:56
4 - 14% - 12% - 5:18
Normal Defense
1 - 40% - 40% - 15:43
2 - 34% - 40% - 13:11
3 - 25% - 20% - 9:54
4 - 1% - 0% - 0:16
PP Forward
1 - 46% - 55% - 4:10
2 - 54% - 45% - 4:51
PP Defense
1 - 56% - 55% - 5:04
2 - 44% - 45% - 3:57
PK Forward
1 - 52% - 55% - 5:13
2 - 48% - 45% - 4:54
PK Defense
1 - 47% - 60% - 4:46
2 - 53% - 40% - 5:21
PK3 Forward
1 - 0% - 55%
2 - 0% - 45%
PK3 Defense
1 - 0% - 55%
2 - 0% - 45%
44 Forward
1 - 94% - 55% - 1:42
2 - 6% - 45% - 0:06
44 Defense
1 - 94% - 55% - 1:42
2 - 6% - 45% - 0:06
Last Minute Offensive  - 0:00
Last Minute Defensive  - 0:00
Total
Forward - 60:00
Defense - 60:00

Play by Play

1st period


0:01 of 1st period - Ryan Nugent-Hopkins wins face-off versus Zemgus Girgensons in neutral zone.
1:24 of 1st period - Shot by Mikael Backlund.
1:24 of 1st period - Stopped by Marc-Andre Fleury without a rebound.
1:25 of 1st period - Craig Smith wins face-off versus Ryan Getzlaf in Penguins zone.
2:18 of 1st period - Off-side.
2:19 of 1st period - Luke Glendening wins face-off versus Brad Richards in neutral zone.
2:32 of 1st period - Shot by Steve Downie.
2:32 of 1st period - Stopped by Marc-Andre Fleury without a rebound.
2:33 of 1st period - Mark Arcobello wins face-off versus Jaromir Jagr in Penguins zone.
2:33 of 1st period - Mark Arcobello is hit by Tomas Tatar.
2:51 of 1st period - Icing by Brenden Dillon.
2:52 of 1st period - Mark Arcobello wins face-off versus Sean Couturier in Penguins zone.
3:44 of 1st period - Seth Jones is hit by Tyler Ennis and loses puck.
3:56 of 1st period - Icing by Seth Jones.
3:57 of 1st period - Zemgus Girgensons wins face-off versus Mark Arcobello in Penguins zone.
4:27 of 1st period - Zemgus Girgensons is hit by Ryan Getzlaf and loses puck.
4:40 of 1st period - Shot by James van Riemsdyk.
4:40 of 1st period - Shot Blocked by Kris Russell.
4:52 of 1st period - Shot by Ryan Getzlaf.
4:52 of 1st period - Shot Misses the Net.
4:54 of 1st period - Shot by Ryan Getzlaf.
4:54 of 1st period - Deflect By James van Riemsdyk.
4:54 of 1st period - Stopped by Scott Darling with a rebound.
5:12 of 1st period - Jakub Voracek is hit by Zemgus Girgensons.
6:51 of 1st period - Shot by Mikael Backlund.
6:51 of 1st period - Stopped by Marc-Andre Fleury without a rebound.
6:52 of 1st period - Brad Richards wins face-off versus Ryan Getzlaf in Penguins zone.
7:02 of 1st period - Icing by Chris Tanev.
7:03 of 1st period - Ryan Getzlaf wins face-off versus Lance Bouma in Rangers zone.
7:07 of 1st period - Minor Penalty to Alex Goligoski for Elbowing.
7:08 of 1st period - Ryan Getzlaf wins face-off versus Sean Couturier in Rangers zone.
7:09 of 1st period - Shot by Mark Giordano.
7:09 of 1st period - Shot Misses the Net.
7:11 of 1st period - Shot by Mark Giordano.
7:11 of 1st period - Stopped by Scott Darling with a rebound.
7:13 of 1st period - Shot by Ryan Suter.
7:13 of 1st period - Shot Blocked by Sean Couturier.
8:22 of 1st period - Shot by Dmitry Kulikov.
8:22 of 1st period - Shot Misses the Net.
8:24 of 1st period - Shot by Ryan Nugent-Hopkins.
8:24 of 1st period - Stopped by Scott Darling with a rebound.
9:18 of 1st period - Eric Brewer is hit by Mark Arcobello and loses puck.
9:35 of 1st period - Shot by Zemgus Girgensons.
9:35 of 1st period - Goal by Zemgus Girgensons - Rangers : 1 - Penguins : 0.
9:36 of 1st period - Craig Smith wins face-off versus Ryan Getzlaf in neutral zone.
9:57 of 1st period - Shot by Craig Smith.
9:57 of 1st period - Stopped by Marc-Andre Fleury without a rebound.
9:58 of 1st period - Sean Couturier wins face-off versus Ryan Nugent-Hopkins in Penguins zone.
10:05 of 1st period - Shot by Tyler Ennis.
10:05 of 1st period - Stopped by Marc-Andre Fleury with a rebound.
10:07 of 1st period - Shot by Tyler Ennis.
10:07 of 1st period - Stopped by Marc-Andre Fleury without a rebound.
10:08 of 1st period - Luke Glendening wins face-off versus Brad Richards in Penguins zone.
10:14 of 1st period - Dmitry Kulikov is hit by Lance Bouma and loses puck.
10:22 of 1st period - Icing by Chris Tanev.
10:23 of 1st period - Ryan Getzlaf wins face-off versus Brad Richards in Rangers zone.
10:23 of 1st period - Ryan Getzlaf is hit by Chris Tanev.
10:27 of 1st period - Shot by James van Riemsdyk.
10:27 of 1st period - Stopped by Scott Darling with a rebound.
10:35 of 1st period - Shot by James van Riemsdyk.
10:35 of 1st period - Goal by James van Riemsdyk - Rangers : 1 - Penguins : 1.
10:36 of 1st period - Zemgus Girgensons wins face-off versus Luke Glendening in neutral zone.
10:47 of 1st period - Shot by Brandon Saad.
10:47 of 1st period - Stopped by Scott Darling without a rebound.
10:48 of 1st period - Ryan Nugent-Hopkins wins face-off versus Sean Couturier in Rangers zone.
11:58 of 1st period - Shot by Zemgus Girgensons.
11:58 of 1st period - Shot Blocked by Ryan Suter.
12:03 of 1st period - Minor Penalty to Mark Giordano for Hooking.
12:04 of 1st period - Luke Glendening wins face-off versus Craig Smith in Penguins zone.
12:34 of 1st period - Shot by Benoit Pouliot.
12:34 of 1st period - Shot Misses the Net.
12:36 of 1st period - Shot by Alex Goligoski.
12:36 of 1st period - Deflect By Craig Smith.
12:36 of 1st period - Stopped by Marc-Andre Fleury without a rebound.
12:37 of 1st period - Tyler Ennis wins face-off versus Luke Glendening in Penguins zone.
13:29 of 1st period - Shot by Brandon Saad.
13:29 of 1st period - Shot Misses the Net.
13:31 of 1st period - Shot by Mike Cammalleri.
13:31 of 1st period - Stopped by Scott Darling with a rebound.
14:21 of 1st period - Shot by Steve Downie.
14:21 of 1st period - Deflect By Brad Richards.
14:21 of 1st period - Stopped by Marc-Andre Fleury without a rebound.
14:22 of 1st period - Mark Arcobello wins face-off versus Sean Couturier in Penguins zone.
14:52 of 1st period - Christopher Higgins is hit by Anton Volchenkov and loses puck.
16:21 of 1st period - Shot by Matt Calvert.
16:21 of 1st period - Shot Blocked by Seth Jones.
16:30 of 1st period - Off-side.
16:31 of 1st period - Zemgus Girgensons wins face-off versus Luke Glendening in neutral zone.
16:53 of 1st period - Icing by Dmitry Kulikov.
16:54 of 1st period - Brad Richards wins face-off versus Brandon Saad in Penguins zone.
17:19 of 1st period - Karl Alzner is hit by Luke Glendening and loses puck.
17:33 of 1st period - Brandon Saad is hit by Karl Alzner and loses puck.
17:34 of 1st period - Brandon Saad from Penguins is injured at 17:34 of 1st period (Left Knee).
17:35 of 1st period - Ryan Getzlaf wins face-off versus Zemgus Girgensons in Rangers zone.
17:40 of 1st period - Shot by Ryan Getzlaf.
17:40 of 1st period - Shot Misses the Net.
18:08 of 1st period - Shot by Ryan Getzlaf.
18:08 of 1st period - Shot Misses the Net.
18:10 of 1st period - Shot by Ryan Getzlaf.
18:10 of 1st period - Stopped by Scott Darling without a rebound.
18:11 of 1st period - Sean Couturier wins face-off versus Ryan Nugent-Hopkins in Rangers zone.
18:55 of 1st period - Minor Penalty to Eric Brewer for Boarding.
18:56 of 1st period - Ryan Getzlaf wins face-off versus Tomas Tatar in Rangers zone.
19:35 of 1st period - Sean Couturier is hit by Ryan Getzlaf and loses puck.
Goals for this period are 1 for Rangers vs 1 for Penguins.
Shots for this period are 9 for Rangers vs 8 for Penguins.

2nd period


0:01 of 2nd period - Sean Couturier wins face-off versus Ryan Nugent-Hopkins in neutral zone.
0:16 of 2nd period - Shot by Ryan Nugent-Hopkins.
0:16 of 2nd period - Deflect By Jakub Voracek.
0:16 of 2nd period - Shot Blocked by Chris Tanev.
0:18 of 2nd period - Shot by Ryan Nugent-Hopkins.
0:18 of 2nd period - Shot Misses the Net.
0:24 of 2nd period - Shot by Mark Giordano.
0:24 of 2nd period - Stopped by Scott Darling without a rebound.
0:25 of 2nd period - Sean Couturier wins face-off versus Ryan Getzlaf in Rangers zone.
0:36 of 2nd period - Shot by Ryan Getzlaf.
0:36 of 2nd period - Shot Misses the Net.
0:38 of 2nd period - Shot by Dmitry Kulikov.
0:38 of 2nd period - Stopped by Scott Darling with a rebound.
0:54 of 2nd period - Shot by Ryan Getzlaf.
0:54 of 2nd period - Stopped by Scott Darling without a rebound.
0:55 of 2nd period - Zemgus Girgensons wins face-off versus Luke Glendening in Rangers zone.
1:26 of 2nd period - Chris Tanev is hit by Mark Giordano and loses puck.
1:49 of 2nd period - Mark Giordano is hit by Tyler Ennis and loses puck.
2:00 of 2nd period - Shot by Mikael Backlund.
2:00 of 2nd period - Shot Misses the Net.
2:02 of 2nd period - Shot by Mikael Backlund.
2:02 of 2nd period - Shot Misses the Net.
2:04 of 2nd period - Shot by Kris Russell.
2:04 of 2nd period - Deflect By Mikael Backlund.
2:04 of 2nd period - Shot Misses the Net.
2:43 of 2nd period - Icing by Jakub Voracek.
2:44 of 2nd period - Ryan Nugent-Hopkins wins face-off versus Craig Smith in Penguins zone.
2:46 of 2nd period - Icing by Jakub Voracek.
2:47 of 2nd period - Ryan Nugent-Hopkins wins face-off versus Zemgus Girgensons in Penguins zone.
2:51 of 2nd period - Off-side.
2:52 of 2nd period - Zemgus Girgensons wins face-off versus Jakub Voracek in neutral zone.
2:57 of 2nd period - Shot by Alex Goligoski.
2:57 of 2nd period - Shot Misses the Net.
3:05 of 2nd period - Shot by Ryan Nugent-Hopkins.
3:05 of 2nd period - Deflect By Mike Cammalleri.
3:05 of 2nd period - Shot Misses the Net.
3:11 of 2nd period - Shot by Mike Cammalleri.
3:11 of 2nd period - Deflect By Jakub Voracek.
3:11 of 2nd period - Goal by Jakub Voracek - Rangers : 1 - Penguins : 2.
3:12 of 2nd period - Christopher Higgins wins face-off versus Craig Smith in neutral zone.
3:27 of 2nd period - Shot by Christopher Higgins.
3:27 of 2nd period - Shot Misses the Net.
4:07 of 2nd period - Shot by Mike Cammalleri.
4:07 of 2nd period - Stopped by Scott Darling without a rebound.
4:08 of 2nd period - Ryan Getzlaf wins face-off versus Zemgus Girgensons in Rangers zone.
4:11 of 2nd period - Shot by James van Riemsdyk.
4:11 of 2nd period - Shot Misses the Net.
4:40 of 2nd period - Mark Giordano is hit by Alex Goligoski and loses puck.
4:52 of 2nd period - Shot by Tanner Pearson.
4:52 of 2nd period - Stopped by Scott Darling without a rebound.
4:53 of 2nd period - Ryan Nugent-Hopkins wins face-off versus Sean Couturier in Rangers zone.
4:58 of 2nd period - Shot by Mike Cammalleri.
4:58 of 2nd period - Shot Blocked by Kris Russell.
5:00 of 2nd period - Shot by Jacob Trouba.
5:00 of 2nd period - Shot Misses the Net.
5:02 of 2nd period - Shot by Ryan Nugent-Hopkins.
5:02 of 2nd period - Stopped by Scott Darling with a rebound.
5:04 of 2nd period - Shot by Mike Cammalleri.
5:04 of 2nd period - Deflect By Jakub Voracek.
5:04 of 2nd period - Shot Blocked by Karl Alzner.
5:06 of 2nd period - Shot by Jacob Trouba.
5:06 of 2nd period - Goal by Jacob Trouba - Rangers : 1 - Penguins : 3.
5:07 of 2nd period - Luke Glendening wins face-off versus Craig Smith in neutral zone.
5:10 of 2nd period - Shot by Luke Glendening.
5:10 of 2nd period - Shot Misses the Net.
5:12 of 2nd period - Shot by Christopher Higgins.
5:12 of 2nd period - Shot Blocked by Anton Volchenkov.
5:14 of 2nd period - Shot by Ryan Getzlaf.
5:14 of 2nd period - Shot Misses the Net.
5:16 of 2nd period - Shot by Luke Glendening.
5:16 of 2nd period - Stopped by Scott Darling with a rebound.
5:18 of 2nd period - Shot by Luke Glendening.
5:18 of 2nd period - Stopped by Scott Darling without a rebound.
5:19 of 2nd period - Ryan Nugent-Hopkins wins face-off versus Sean Couturier in Rangers zone.
5:46 of 2nd period - Minor Penalty to Dmitry Kulikov for High sticking.
5:47 of 2nd period - Luke Glendening wins face-off versus Tomas Tatar in Penguins zone.
5:56 of 2nd period - Ryan Suter is hit by Benoit Pouliot and loses puck.
5:57 of 2nd period - Minor Penalty to Benoit Pouliot for Roughing.
5:58 of 2nd period - Ryan Nugent-Hopkins wins face-off versus Lance Bouma in Rangers zone.
6:29 of 2nd period - Shot by Ryan Nugent-Hopkins.
6:29 of 2nd period - Shot Blocked by Alex Goligoski.
7:01 of 2nd period - Shot by Craig Smith.
7:01 of 2nd period - Deflect By Tyler Ennis.
7:01 of 2nd period - Shot Misses the Net.
7:03 of 2nd period - Shot by Tyler Ennis.
7:03 of 2nd period - Shot Misses the Net.
7:05 of 2nd period - Shot by Tyler Ennis.
7:05 of 2nd period - Shot Blocked by Ryan Suter.
7:27 of 2nd period - Shot by Tyler Ennis.
7:27 of 2nd period - Shot Blocked by Ryan Nugent-Hopkins.
7:49 of 2nd period - Jakub Voracek is hit by Sean Couturier and loses puck.
8:03 of 2nd period - Zemgus Girgensons is hit by Brenden Dillon and loses puck.
8:14 of 2nd period - Shot by Zemgus Girgensons.
8:14 of 2nd period - Shot Misses the Net.
8:19 of 2nd period - Icing by Seth Jones.
8:20 of 2nd period - Luke Glendening wins face-off versus Brad Richards in Penguins zone.
8:20 of 2nd period - Christopher Higgins is hit by Steve Downie and loses puck.
9:23 of 2nd period - Shot by Jaromir Jagr.
9:23 of 2nd period - Shot Misses the Net.
9:25 of 2nd period - Shot by Tomas Tatar.
9:25 of 2nd period - Shot Hit the Post.
9:59 of 2nd period - Ryan Suter is hit by Zemgus Girgensons.
10:41 of 2nd period - Shot by Ryan Getzlaf.
10:41 of 2nd period - Shot Misses the Net.
10:43 of 2nd period - Shot by James van Riemsdyk.
10:43 of 2nd period - Shot Misses the Net.
11:10 of 2nd period - Seth Jones is hit by Anton Volchenkov and loses puck.
11:20 of 2nd period - Icing by Anton Volchenkov.
11:21 of 2nd period - Sean Couturier wins face-off versus Mike Cammalleri in Rangers zone.
13:26 of 2nd period - Shot by Zemgus Girgensons.
13:26 of 2nd period - Deflect By Tomas Tatar.
13:26 of 2nd period - Shot Misses the Net.
13:38 of 2nd period - Shot by Zemgus Girgensons.
13:38 of 2nd period - Shot Blocked by Ryan Suter.
13:40 of 2nd period - Shot by Tomas Tatar.
13:40 of 2nd period - Stopped by Marc-Andre Fleury without a rebound.
13:41 of 2nd period - Brad Richards wins face-off versus Luke Glendening in Penguins zone.
13:54 of 2nd period - Shot by Jacob De La Rose.
13:54 of 2nd period - Stopped by Scott Darling with a rebound.
14:12 of 2nd period - Shot by Christopher Higgins.
14:12 of 2nd period - Shot Misses the Net.
14:44 of 2nd period - Mark Giordano is hit by Zemgus Girgensons.
14:45 of 2nd period - Icing by Mark Giordano.
14:46 of 2nd period - Ryan Getzlaf wins face-off versus Zemgus Girgensons in Penguins zone.
14:46 of 2nd period - Ryan Getzlaf is hit by Zemgus Girgensons.
14:56 of 2nd period - Shot by Ryan Getzlaf.
14:56 of 2nd period - Stopped by Scott Darling with a rebound.
15:01 of 2nd period - Icing by Eric Brewer.
15:02 of 2nd period - Mike Cammalleri wins face-off versus Zemgus Girgensons in Rangers zone.
15:13 of 2nd period - Shot by Ryan Nugent-Hopkins.
15:13 of 2nd period - Deflect By Jakub Voracek.
15:13 of 2nd period - Stopped by Scott Darling without a rebound.
15:14 of 2nd period - Luke Glendening wins face-off versus Sean Couturier in Rangers zone.
15:19 of 2nd period - Shot by Ryan Getzlaf.
15:19 of 2nd period - Stopped by Scott Darling with a rebound.
15:29 of 2nd period - Shot by Mikael Backlund.
15:29 of 2nd period - Stopped by Marc-Andre Fleury without a rebound.
15:30 of 2nd period - Zemgus Girgensons wins face-off versus Jakub Voracek in Penguins zone.
15:48 of 2nd period - Icing by Mark Giordano.
15:49 of 2nd period - Mike Cammalleri wins face-off versus Sean Couturier in Penguins zone.
15:49 of 2nd period - Mike Cammalleri is hit by Tyler Ennis.
15:50 of 2nd period - Minor Penalty to Sean Couturier for Holding.
15:51 of 2nd period - Ryan Nugent-Hopkins wins face-off versus Brad Richards in Rangers zone.
16:14 of 2nd period - Shot by Jakub Voracek.
16:14 of 2nd period - Shot Misses the Net.
16:16 of 2nd period - Shot by Ryan Suter.
16:16 of 2nd period - Shot Misses the Net.
16:20 of 2nd period - Shot by Ryan Nugent-Hopkins.
16:20 of 2nd period - Stopped by Scott Darling without a rebound.
16:21 of 2nd period - Brad Richards wins face-off versus Ryan Getzlaf in Rangers zone.
16:40 of 2nd period - Shot by James van Riemsdyk.
16:40 of 2nd period - Stopped by Scott Darling with a rebound.
16:44 of 2nd period - Shot by Ryan Getzlaf.
16:44 of 2nd period - Goal by Ryan Getzlaf - Rangers : 1 - Penguins : 4.
16:45 of 2nd period - Luke Glendening wins face-off versus Jaromir Jagr in neutral zone.
17:01 of 2nd period - Tomas Tatar is hit by Luke Glendening.
17:05 of 2nd period - Luke Glendening is hit by Zemgus Girgensons and loses puck.
17:13 of 2nd period - Tomas Tatar is hit by Ryan Suter and loses puck.
17:17 of 2nd period - Minor Penalty to Mark Giordano for Slashing.
17:18 of 2nd period - Luke Glendening wins face-off versus Tyler Ennis in Penguins zone.
17:35 of 2nd period - Luke Glendening is hit by Tyler Ennis and loses puck.
17:40 of 2nd period - Shot by Tyler Ennis.
17:40 of 2nd period - Shot Blocked by Dmitry Kulikov.
17:42 of 2nd period - Shot by Sean Couturier.
17:42 of 2nd period - Shot Misses the Net.
17:44 of 2nd period - Shot by Chris Tanev.
17:44 of 2nd period - Shot Hit the Post.
18:40 of 2nd period - Shot by Tomas Tatar.
18:40 of 2nd period - Stopped by Marc-Andre Fleury with a rebound.
18:42 of 2nd period - Shot by Eric Brewer.
18:42 of 2nd period - Shot Misses the Net.
18:44 of 2nd period - Shot by Eric Brewer.
18:44 of 2nd period - Stopped by Marc-Andre Fleury without a rebound.
18:45 of 2nd period - Mike Cammalleri wins face-off versus Tomas Tatar in Penguins zone.
19:57 of 2nd period - Brad Richards is hit by Brenden Dillon.
Goals for this period are 0 for Rangers vs 3 for Penguins.
Shots for this period are 4 for Rangers vs 17 for Penguins.

3rd period


0:01 of 3rd period - Zemgus Girgensons wins face-off versus Ryan Getzlaf in neutral zone.
0:01 of 3rd period - Zemgus Girgensons is hit by James van Riemsdyk.
0:04 of 3rd period - Tomas Tatar is hit by Ryan Getzlaf and loses puck.
0:11 of 3rd period - Shot by Jaromir Jagr.
0:11 of 3rd period - Stopped by Marc-Andre Fleury without a rebound.
0:12 of 3rd period - Ryan Nugent-Hopkins wins face-off versus Sean Couturier in Penguins zone.
0:23 of 3rd period - Shot by Tyler Ennis.
0:23 of 3rd period - Shot Misses the Net.
0:31 of 3rd period - Shot by Kris Russell.
0:31 of 3rd period - Stopped by Marc-Andre Fleury without a rebound.
0:32 of 3rd period - Ryan Getzlaf wins face-off versus Zemgus Girgensons in Penguins zone.
0:38 of 3rd period - Minor Penalty to Chris Tanev for Interference.
0:39 of 3rd period - Ryan Nugent-Hopkins wins face-off versus Sean Couturier in Rangers zone.
1:17 of 3rd period - Icing by Mark Giordano.
1:18 of 3rd period - Sean Couturier wins face-off versus Ryan Nugent-Hopkins in Penguins zone.
1:24 of 3rd period - Icing by Mark Giordano.
1:25 of 3rd period - Sean Couturier wins face-off versus Ryan Nugent-Hopkins in Penguins zone.
1:31 of 3rd period - Off-side.
1:32 of 3rd period - Ryan Getzlaf wins face-off versus Sean Couturier in neutral zone.
2:38 of 3rd period - Mike Cammalleri is hit by Anton Volchenkov and loses puck.
2:52 of 3rd period - Icing by Seth Jones.
2:53 of 3rd period - Luke Glendening wins face-off versus Zemgus Girgensons in Penguins zone.
2:53 of 3rd period - Luke Glendening is hit by Tomas Tatar.
3:02 of 3rd period - Minor Penalty to Karl Alzner for Hooking.
3:03 of 3rd period - Sean Couturier wins face-off versus Ryan Getzlaf in Rangers zone.
3:14 of 3rd period - Kris Russell is hit by Ryan Getzlaf and loses puck.
4:01 of 3rd period - Shot by Ryan Nugent-Hopkins.
4:01 of 3rd period - Shot Misses the Net.
4:03 of 3rd period - Shot by Dmitry Kulikov.
4:03 of 3rd period - Shot Misses the Net.
4:05 of 3rd period - Shot by Dmitry Kulikov.
4:05 of 3rd period - Stopped by Scott Darling without a rebound.
4:06 of 3rd period - Ryan Nugent-Hopkins wins face-off versus Tomas Tatar in Rangers zone.
4:07 of 3rd period - Shot by Jakub Voracek.
4:07 of 3rd period - Stopped by Scott Darling without a rebound.
4:08 of 3rd period - Tomas Tatar wins face-off versus Ryan Nugent-Hopkins in Rangers zone.
4:21 of 3rd period - Shot by Jacob Trouba.
4:21 of 3rd period - Stopped by Scott Darling with a rebound.
4:35 of 3rd period - Alex Goligoski is hit by Jakub Voracek and loses puck.
4:46 of 3rd period - Shot by Jakub Voracek.
4:46 of 3rd period - Deflect By Ryan Nugent-Hopkins.
4:46 of 3rd period - Stopped by Scott Darling without a rebound.
4:47 of 3rd period - Ryan Getzlaf wins face-off versus Tomas Tatar in Rangers zone.
5:09 of 3rd period - Icing by Eric Brewer.
5:10 of 3rd period - Ryan Getzlaf wins face-off versus Craig Smith in Rangers zone.
5:24 of 3rd period - Icing by Mark Giordano.
5:25 of 3rd period - Ryan Getzlaf wins face-off versus Zemgus Girgensons in Penguins zone.
5:54 of 3rd period - Shot by Ryan Getzlaf.
5:54 of 3rd period - Shot Misses the Net.
5:56 of 3rd period - Shot by Mark Giordano.
5:56 of 3rd period - Shot Blocked by Kris Russell.
5:59 of 3rd period - Minor Penalty to James van Riemsdyk for Roughing.
6:00 of 3rd period - Tyler Ennis wins face-off versus Luke Glendening in Penguins zone.
6:21 of 3rd period - Shot by Tyler Ennis.
6:21 of 3rd period - Stopped by Marc-Andre Fleury without a rebound.
6:22 of 3rd period - Luke Glendening wins face-off versus Tomas Tatar in Penguins zone.
6:48 of 3rd period - Icing by Craig Smith.
6:49 of 3rd period - Mike Cammalleri wins face-off versus Tomas Tatar in Rangers zone.
7:08 of 3rd period - Icing by Tomas Tatar.
7:09 of 3rd period - Luke Glendening wins face-off versus Tomas Tatar in Rangers zone.
7:36 of 3rd period - Mark Giordano is hit by Sean Couturier.
7:56 of 3rd period - Shot by Sean Couturier.
7:56 of 3rd period - Shot Misses the Net.
8:10 of 3rd period - Shot by Lance Bouma.
8:10 of 3rd period - Stopped by Marc-Andre Fleury without a rebound.
8:11 of 3rd period - Brad Richards wins face-off versus Ryan Nugent-Hopkins in Penguins zone.
8:18 of 3rd period - Shot by Brad Richards.
8:18 of 3rd period - Shot Misses the Net.
8:28 of 3rd period - Shot by Steve Downie.
8:28 of 3rd period - Stopped by Marc-Andre Fleury without a rebound.
8:29 of 3rd period - Sean Couturier wins face-off versus Tanner Pearson in Penguins zone.
8:36 of 3rd period - Shot by Mikael Backlund.
8:36 of 3rd period - Stopped by Marc-Andre Fleury without a rebound.
8:37 of 3rd period - Ryan Getzlaf wins face-off versus Zemgus Girgensons in Penguins zone.
10:08 of 3rd period - Shot by Tyler Ennis.
10:08 of 3rd period - Shot Misses the Net.
10:10 of 3rd period - Shot by Sean Couturier.
10:10 of 3rd period - Shot Misses the Net.
10:42 of 3rd period - Shot by Benoit Pouliot.
10:42 of 3rd period - Shot Misses the Net.
10:44 of 3rd period - Shot by Benoit Pouliot.
10:44 of 3rd period - Stopped by Marc-Andre Fleury without a rebound.
10:45 of 3rd period - Zemgus Girgensons wins face-off versus Luke Glendening in Penguins zone.
12:00 of 3rd period - Mark Giordano is hit by Karl Alzner and loses puck.
12:15 of 3rd period - Shot by Karl Alzner.
12:15 of 3rd period - Stopped by Marc-Andre Fleury without a rebound.
12:16 of 3rd period - Sean Couturier wins face-off versus Ryan Nugent-Hopkins in Penguins zone.
12:20 of 3rd period - Icing by Mike Cammalleri.
12:21 of 3rd period - Ryan Nugent-Hopkins wins face-off versus Sean Couturier in Penguins zone.
12:26 of 3rd period - Shot by Jakub Voracek.
12:26 of 3rd period - Shot Blocked by Eric Brewer.
12:56 of 3rd period - Shot by Sean Couturier.
12:56 of 3rd period - Shot Blocked by Ryan Suter.
13:44 of 3rd period - Alex Goligoski is hit by Luke Glendening and loses puck.
13:56 of 3rd period - Off-side.
13:57 of 3rd period - James van Riemsdyk wins face-off versus Craig Smith in neutral zone.
13:57 of 3rd period - Ryan Getzlaf is hit by Craig Smith.
14:11 of 3rd period - Shot by Tanner Pearson.
14:11 of 3rd period - Stopped by Scott Darling with a rebound.
14:13 of 3rd period - Shot by James van Riemsdyk.
14:13 of 3rd period - Stopped by Scott Darling without a rebound.
14:14 of 3rd period - Mark Arcobello wins face-off versus Brad Richards in Rangers zone.
14:18 of 3rd period - Christopher Higgins is hit by Karl Alzner and loses puck.
14:41 of 3rd period - Shot by Brad Richards.
14:41 of 3rd period - Stopped by Marc-Andre Fleury without a rebound.
14:42 of 3rd period - Zemgus Girgensons wins face-off versus Ryan Getzlaf in Penguins zone.
15:58 of 3rd period - Shot by Tyler Ennis.
15:58 of 3rd period - Stopped by Marc-Andre Fleury without a rebound.
15:59 of 3rd period - Craig Smith wins face-off versus Ryan Nugent-Hopkins in Penguins zone.
15:59 of 3rd period - Double Minor Penalty to Brenden Dillon for Slashing.
16:00 of 3rd period - Tomas Tatar wins face-off versus Luke Glendening in Penguins zone.
16:23 of 3rd period - Shot by Tomas Tatar.
16:23 of 3rd period - Stopped by Marc-Andre Fleury without a rebound.
16:24 of 3rd period - Tyler Ennis wins face-off versus Luke Glendening in Penguins zone.
16:25 of 3rd period - Shot by Chris Tanev.
16:25 of 3rd period - Shot Blocked by Mark Giordano.
16:51 of 3rd period - Dmitry Kulikov is hit by Sean Couturier and loses puck.
17:06 of 3rd period - Shot by Alex Goligoski.
17:06 of 3rd period - Stopped by Marc-Andre Fleury without a rebound.
17:07 of 3rd period - Luke Glendening wins face-off versus Tomas Tatar in Penguins zone.
18:40 of 3rd period - Shot by Kris Russell.
18:40 of 3rd period - Shot Misses the Net.
18:42 of 3rd period - Shot by Eric Brewer.
18:42 of 3rd period - Stopped by Marc-Andre Fleury with a rebound.
18:49 of 3rd period - Benoit Pouliot is hit by Dmitry Kulikov and loses puck.
Goals for this period are 0 for Rangers vs 0 for Penguins.
Shots for this period are 13 for Rangers vs 6 for Penguins.